| TOP OF THE 1ST |
|
Baltimore Orioles batting - Pitching for Boston Red Sox : LHP Dom Chiti
|
|
Pitching: LHP Dom Chiti
|
|
|
Batting: SHB Willie McGee
|
0-0: Swinging Strike 0-1: Ball 1-1: Swinging Strike 1-2: Strikes out swinging
|
|
Batting: SHB Johnny Ray
|
0-0: Ground out 6-3 (Groundball, 6, EV 85.6 MPH)
|
|
Batting: SHB Steve R Ontiveros
|
0-0: Called Strike 0-1: Swinging Strike 0-2: SINGLE (Groundball, 56D, EV 95.0 MPH)
|
|
Batting: RHB Dwight Evans
|
0-0: Fly out, F7 (Flyball, 7S, EV 91.3 MPH)
|
| Top of the 1st over - 0 runs, 1 hit, 0 errors, 1 left on base; Baltimore 0 - Boston 0 |
| BOTTOM OF THE 1ST |
|
Boston Red Sox batting - Pitching for Baltimore Orioles : RHP Jim Clancy
|
|
Pitching: RHP Jim Clancy
|
|
|
Batting: RHB Richie Zisk
|
0-0: Ball 1-0: Ball 2-0: Called Strike 2-1: Called Strike 2-2: Foul Ball, location: 2F 2-2: SINGLE (Flyball, 56D, EV 84.4 MPH) - OUT at second base trying to stretch hit.
|
|
Batting: LHB Willie Aikens
|
0-0: Called Strike 0-1: Ball 1-1: SINGLE (Groundball, 56D, EV 103.8 MPH)
|
|
Batting: RHB Jeff Burroughs
|
0-0: Foul Ball, location: 2F 0-1: Ball 1-1: Ball 2-1: Ball 3-1: Base on Balls Willie Aikens to second
|
|
Batting: LHB George Brett
|
0-0: Called Strike 0-1: Ball 1-1: Ball 2-1: SINGLE (Line Drive, 3D, EV 100.0 MPH) Willie Aikens to third Jeff Burroughs to second Runner from 3rd tries for Home, SAFE, throw by RF to home
|
|
Batting: LHB Karl Pagel
|
0-0: Ball 1-0: Ball 2-0: Foul Ball, location: 2F 2-1: Called Strike 2-2: Ball 3-2: Foul Ball, location: 2F 3-2: Foul Ball, location: 2F 3-2: Base on Balls Jeff Burroughs to third George Brett to second
|
|
Batting: SHB Reggie Smith
|
0-0: Ball 1-0: Grounds into double play, 4-6-3 (Groundball, 4, EV 101.3 MPH)
|
| Bottom of the 1st over - 1 run, 3 hits, 0 errors, 2 left on base; Baltimore 0 - Boston 1 |
| TOP OF THE 2ND |
|
Baltimore Orioles batting - Pitching for Boston Red Sox : LHP Dom Chiti
|
|
Batting: SHB Mike Hart
|
0-0: Ball 1-0: Called Strike 1-1: Ground out 6-3 (Groundball, 6S, EV 71.3 MPH)
|
|
Batting: RHB Matt Rice
|
0-0: Foul Ball, location: 2F 0-1: Ball 1-1: Ground out 5-3 (Groundball, 56, EV 98.8 MPH)
|
|
Batting: RHB Mark Brouhard
|
0-0: Called Strike 0-1: Foul Ball, location: 2F 0-2: Ball 1-2: Fly out, F8 (Flyball, 8LD, EV 88.1 MPH)
|
| Top of the 2nd over - 0 runs, 0 hits, 0 errors, 0 left on base; Baltimore 0 - Boston 1 |
| BOTTOM OF THE 2ND |
|
Boston Red Sox batting - Pitching for Baltimore Orioles : RHP Jim Clancy
|
|
Batting: SHB Scotti Madison
|
0-0: Foul Ball, location: 2F 0-1: Ball 1-1: Ground out U3 (Groundball, 3, EV 87.5 MPH)
|
|
Batting: SHB Nelson Norman
|
0-0: Ground out 6-3 (Groundball, 6M, EV 86.3 MPH)
|
|
Batting: SHB Dave Collins
|
0-0: Ball 1-0: Ball 2-0: Ball 3-0: Called Strike 3-1: Called Strike 3-2: Fly out, F1 (Line Drive, P, EV 71.9 MPH)
|
| Bottom of the 2nd over - 0 runs, 0 hits, 0 errors, 0 left on base; Baltimore 0 - Boston 1 |
| TOP OF THE 3RD |
|
Baltimore Orioles batting - Pitching for Boston Red Sox : LHP Dom Chiti
|
|
Batting: RHB Dennis Werth
|
0-0: Called Strike 0-1: Reached on error, E6 (Groundball, 6, EV 105.0 MPH)
|
|
Batting: RHB Marty G Barrett
|
0-0: Called Strike 0-1: Foul Ball, location: 2F 0-2: Ball 1-2: Ball 2-2: Ball 3-2: Strikes out swinging
|
|
Batting: SHB Willie McGee
|
0-0: Ball Dennis Werth is caught stealing 2nd base 2-4 1-0: Fly out, F7 (Flyball, 7LM, EV 85.6 MPH)
|
| Top of the 3rd over - 0 runs, 0 hits, 1 error, 0 left on base; Baltimore 0 - Boston 1 |
| BOTTOM OF THE 3RD |
|
Boston Red Sox batting - Pitching for Baltimore Orioles : RHP Jim Clancy
|
|
Batting: RHB Richie Zisk
|
0-0: Ball 1-0: Ball 2-0: Ball 3-0: Base on Balls
|
|
Batting: LHB Willie Aikens
|
0-0: Ball 1-0: Fielders Choice at 2nd, 4-6 (Groundball, 34, EV 88.8 MPH)
|
|
Batting: RHB Jeff Burroughs
|
0-0: Ball 1-0: Fly out, F9 (Flyball, 9, EV 88.8 MPH)
|
|
Batting: LHB George Brett
|
0-0: Ball 1-0: Ground out 4-3 (Groundball, 34, EV 83.8 MPH)
|
| Bottom of the 3rd over - 0 runs, 0 hits, 0 errors, 1 left on base; Baltimore 0 - Boston 1 |
| TOP OF THE 4TH |
|
Baltimore Orioles batting - Pitching for Boston Red Sox : LHP Dom Chiti
|
|
Batting: SHB Johnny Ray
|
0-0: Foul Ball, location: 2F 0-1: Ball 1-1: Foul Ball, location: 2F 1-2: Foul Ball, location: 2F 1-2: Ball 2-2: Ball 3-2: Foul Ball, location: 2F 3-2: Fly out, F9 (Flyball, 9LM, EV 103.1 MPH)
|
|
Batting: SHB Steve R Ontiveros
|
0-0: Foul Ball, location: 2F 0-1: DOUBLE (Line Drive, 7LM, EV 105.0 MPH)
|
|
Batting: RHB Dwight Evans
|
0-0: Ball 1-0: Foul Ball, location: 2F 1-1: Ball 2-1: Reached on error, E6 (Groundball, 6, EV 88.8 MPH) Steve R Ontiveros to third
|
|
Batting: SHB Mike Hart
|
0-0: Called Strike 0-1: Foul Ball, location: 2F 0-2: Foul Ball, location: 2F 0-2: Strikes out swinging
|
|
Batting: RHB Matt Rice
|
0-0: Ball 1-0: Called Strike 1-1: Foul Ball, location: 2F 1-2: Ball 2-2: Fly out, F9 (Flyball, 9S, EV 84.4 MPH)
|
| Top of the 4th over - 0 runs, 1 hit, 1 error, 2 left on base; Baltimore 0 - Boston 1 |
| BOTTOM OF THE 4TH |
|
Boston Red Sox batting - Pitching for Baltimore Orioles : RHP Jim Clancy
|
|
Batting: LHB Karl Pagel
|
0-0: Swinging Strike 0-1: Swinging Strike 0-2: Foul Ball, location: 2F 0-2: Foul Ball, location: 2F 0-2: Strikes out swinging
|
|
Batting: SHB Reggie Smith
|
0-0: SOLO HOME RUN (Flyball, 9D, EV 108.8 MPH), Distance : 406 ft
|
|
Batting: SHB Scotti Madison
|
0-0: Ball 1-0: Fly out, F8 (Flyball, 89D, EV 93.1 MPH)
|
|
Batting: SHB Nelson Norman
|
0-0: Called Strike 0-1: Swinging Strike 0-2: Ball 1-2: Foul Ball, location: 2F 1-2: Strikes out swinging
|
| Bottom of the 4th over - 1 run, 1 hit, 0 errors, 0 left on base; Baltimore 0 - Boston 2 |
| TOP OF THE 5TH |
|
Baltimore Orioles batting - Pitching for Boston Red Sox : LHP Dom Chiti
|
|
Batting: RHB Mark Brouhard
|
0-0: Ball 1-0: Bunt missed! 1-1: Fly out, F8 (Flyball, 8LXD, EV 97.5 MPH)
|
|
Batting: RHB Dennis Werth
|
0-0: Ball 1-0: Swinging Strike 1-1: Ball 2-1: Ball 3-1: Base on Balls
|
|
Batting: RHB Marty G Barrett
|
0-0: Ball 1-0: Ball 2-0: Swinging Strike 2-1: Called Strike 2-2: Ball 3-2: Strikes out looking
|
|
Batting: SHB Willie McGee
|
0-0: Ball 1-0: Fly out, F8 (Flyball, 8RM, EV 92.5 MPH)
|
| Top of the 5th over - 0 runs, 0 hits, 0 errors, 1 left on base; Baltimore 0 - Boston 2 |
| BOTTOM OF THE 5TH |
|
Boston Red Sox batting - Pitching for Baltimore Orioles : RHP Jim Clancy
|
|
Batting: SHB Dave Collins
|
0-0: Ball 1-0: Ball 2-0: TRIPLE (Flyball, 9LD, EV 102.5 MPH)
|
|
Batting: RHB Richie Zisk
|
0-0: 2-RUN HOME RUN (Flyball, 78XD, EV 91.9 MPH), Distance : 436 ft
|
|
Batting: LHB Willie Aikens
|
0-0: Ball 1-0: Called Strike 1-1: Ball 2-1: Ground out 4-3 (Groundball, 4, EV 90.6 MPH)
|
|
Batting: RHB Jeff Burroughs
|
0-0: Ball 1-0: Ball 2-0: Ball 3-0: Base on Balls
|
|
Batting: LHB George Brett
|
0-0: Foul Ball, location: 2F 0-1: Ball 1-1: Ground out 4-3 (Groundball, 34D, EV 103.1 MPH) Jeff Burroughs to second
|
|
Batting: LHB Karl Pagel
|
0-0: Ball 1-0: Ball Wild Pitch! Jeff Burroughs to third 2-0: Foul Ball, location: 2F 2-1: SINGLE (Line Drive, 6MD, EV 96.3 MPH) Jeff Burroughs scores
|
|
Batting: SHB Reggie Smith
|
0-0: Ball 1-0: Ball 2-0: Ball 3-0: Base on Balls Karl Pagel to second
|
|
Batting: SHB Scotti Madison
|
0-0: Ball 1-0: Called Strike 1-1: Called Strike 1-2: Ball 2-2: Foul Ball, location: 2F 2-2: Fly out, F9 (Flyball, 9, EV 86.3 MPH)
|
| Bottom of the 5th over - 3 runs, 3 hits, 0 errors, 2 left on base; Baltimore 0 - Boston 5 |
| TOP OF THE 6TH |
|
Baltimore Orioles batting - Pitching for Boston Red Sox : LHP Dom Chiti
|
|
Batting: SHB Johnny Ray
|
0-0: Ball 1-0: Foul Ball, location: 2F 1-1: Foul Ball, location: 2F 1-2: Fly out, F4 (Line Drive, 4, EV 69.4 MPH)
|
|
Batting: SHB Steve R Ontiveros
|
0-0: Ball 1-0: Ball 2-0: Called Strike 2-1: Ball 3-1: Base on Balls
|
|
Batting: RHB Dwight Evans
|
0-0: Swinging Strike 0-1: SINGLE (Flyball, 89S, EV 91.3 MPH) Steve R Ontiveros to second Runner from 2nd tries for 3rd, SAFE, no throw by RF
|
|
Batting: SHB Mike Hart
|
0-0: Ball 1-0: Ball 2-0: Foul Ball, location: 2F 2-1: Grounds into double play, 6-4-3 (Groundball, 6D, EV 104.4 MPH)
|
| Top of the 6th over - 0 runs, 1 hit, 0 errors, 1 left on base; Baltimore 0 - Boston 5 |
| BOTTOM OF THE 6TH |
|
Boston Red Sox batting - Pitching for Baltimore Orioles : RHP Jim Clancy
|
|
Batting: SHB Nelson Norman
|
0-0: Called Strike 0-1: Ball 1-1: Ball 2-1: Ball 3-1: Foul Ball, location: 2F 3-2: Fly out, F8 (Flyball, 8RD, EV 103.1 MPH)
|
|
Batting: SHB Dave Collins
|
0-0: Ball 1-0: Fly out, F9 (Flyball, 9D, EV 90.6 MPH)
|
|
Batting: RHB Richie Zisk
|
0-0: SINGLE (Flyball, 89S, EV 84.4 MPH)
|
|
Batting: LHB Willie Aikens
|
0-0: Foul Ball, location: 2F 0-1: Ball 1-1: Swinging Strike 1-2: Strikes out swinging
|
| Bottom of the 6th over - 0 runs, 1 hit, 0 errors, 1 left on base; Baltimore 0 - Boston 5 |
| TOP OF THE 7TH |
|
Baltimore Orioles batting - Pitching for Boston Red Sox : LHP Dom Chiti
|
|
Batting: RHB Matt Rice
|
0-0: Called Strike 0-1: Ball 1-1: Ball 2-1: Foul Ball, location: 2F 2-2: Foul Ball, location: 2F 2-2: Foul Ball, location: 2F 2-2: Ball 3-2: Strikes out swinging
|
|
Batting: RHB Mark Brouhard
|
0-0: Called Strike 0-1: Ground out 5-3 (Groundball, 56, EV 95.6 MPH)
|
|
Batting: RHB Dennis Werth
|
0-0: Ball 1-0: Ball 2-0: Ball 3-0: Base on Balls
|
|
Batting: RHB Marty G Barrett
|
0-0: Ball 1-0: Ball 2-0: Called Strike 2-1: Foul Ball, location: 2F 2-2: Fly out, F8 (Flyball, 8LM, EV 86.3 MPH)
|
| Top of the 7th over - 0 runs, 0 hits, 0 errors, 1 left on base; Baltimore 0 - Boston 5 |
| BOTTOM OF THE 7TH |
|
Boston Red Sox batting - Pitching for Baltimore Orioles : RHP Jim Clancy
|
|
Pitching: RHP Robert Weismore
|
|
|
Batting: RHB Jeff Burroughs
|
0-0: Foul Ball, location: 2F 0-1: Swinging Strike 0-2: Ball 1-2: Ball 2-2: DOUBLE (Line Drive, 89M, EV 110.0 MPH)
|
|
Batting: LHB George Brett
|
0-0: Foul Ball, location: 2F 0-1: Ball 1-1: Called Strike 1-2: Fly out, F9 (Flyball, 9LM, EV 101.3 MPH)
|
|
Batting: LHB Karl Pagel
|
0-0: Swinging Strike 0-1: Ground out U3 (Groundball, 34S, EV 82.5 MPH) Jeff Burroughs to third
|
|
Batting: SHB Reggie Smith
|
0-0: Ball 1-0: Swinging Strike 1-1: Ground out 5-3 (Groundball, 5S, EV 76.3 MPH)
|
| Bottom of the 7th over - 0 runs, 1 hit, 0 errors, 1 left on base; Baltimore 0 - Boston 5 |
| TOP OF THE 8TH |
|
Baltimore Orioles batting - Pitching for Boston Red Sox : LHP Dom Chiti
|
|
Pitching: RHP Don Sutton
|
|
|
Now at 2B: Kevin Klettke
|
|
|
Now in CF: Daryl Sconiers
|
|
|
Batting: SHB Willie McGee
|
0-0: Ball 1-0: Ball 2-0: DOUBLE (Flyball, 89XD, EV 106.3 MPH)
|
|
Batting: SHB Johnny Ray
|
0-0: Ball 1-0: Called Strike 1-1: Ground out 6-3 (Groundball, 56D, EV 91.3 MPH)
|
|
Batting: SHB Steve R Ontiveros
|
0-0: Ball 1-0: Ball 2-0: Ball 3-0: Called Strike 3-1: Base on Balls
|
|
Batting: RHB Dwight Evans
|
0-0: Foul Ball, location: 2F 0-1: Foul Ball, location: 2F 0-2: Strikes out looking
|
|
Batting: SHB Mike Hart
|
0-0: Ball 1-0: Ball 2-0: Foul Ball, location: 2F 2-1: Swinging Strike 2-2: Strikes out swinging
|
| Top of the 8th over - 0 runs, 1 hit, 0 errors, 2 left on base; Baltimore 0 - Boston 5 |
| BOTTOM OF THE 8TH |
|
Boston Red Sox batting - Pitching for Baltimore Orioles : RHP Robert Weismore
|
|
Batting: SHB Scotti Madison
|
0-0: Ball 1-0: Ball 2-0: Foul Ball, location: 2F 2-1: Fly out, F3 (Line Drive, 3, EV 71.9 MPH)
|
|
Batting: SHB Nelson Norman
|
0-0: Ball 1-0: Ball 2-0: Called Strike 2-1: Ground out 4-3 (Groundball, 34D, EV 87.5 MPH)
|
|
Pitching: RHP Jim M Hughes
|
|
|
Batting: SHB Dave Collins
|
0-0: Ball 1-0: Called Strike 1-1: Ball 2-1: Called Strike 2-2: Ball 3-2: Foul Ball, location: 2F 3-2: Ground out 4-3 (Groundball, 34, EV 104.4 MPH)
|
| Bottom of the 8th over - 0 runs, 0 hits, 0 errors, 0 left on base; Baltimore 0 - Boston 5 |
| TOP OF THE 9TH |
|
Baltimore Orioles batting - Pitching for Boston Red Sox : RHP Don Sutton
|
|
Batting: RHB Matt Rice
|
0-0: Ball 1-0: Called Strike 1-1: Ball 2-1: DOUBLE (Line Drive, 89XD, EV 112.5 MPH)
|
|
Batting: RHB Mark Brouhard
|
0-0: Ball 1-0: Ball 2-0: Fly out, F9 (Line Drive, 9D, EV 91.3 MPH) Runner from 2nd tags up, SAFE at 3rd, no throw by RF
|
|
Batting: RHB Dennis Werth
|
0-0: Called Strike 0-1: Foul Ball, location: 2F 0-2: Ball 1-2: Fly out, F7 (Flyball, 7S, EV 85.0 MPH)
|
|
Batting: RHB Marty G Barrett
|
0-0: Ball 1-0: Called Strike 1-1: Fly out, F8 (Line Drive, 8RM, EV 106.9 MPH)
|
| Top of the 9th over - 0 runs, 1 hit, 0 errors, 1 left on base; Baltimore 0 - Boston 5 |
|